 Dungeon Crawl Stone Soup version 0.29-a0-338-g1ff7896281 (webtiles) character file.

Game seed: 11266906685981123069

1610 Ijustatesigmund the Magician (level 8, -1/46 HPs)
             Began as a Deep Elf Fire Elementalist on Apr 19, 2022.
             Slain by a black bear (4 damage)
             ... on level 6 of the Dungeon.
             The game lasted 00:14:05 (7411 turns).

Ijustatesigmund the Magician (DEFE)                 Turns: 7411, Time: 00:14:07

Health: -1/46      AC:  5    Str:  5    XL:     8   Next: 63%
Magic:  3/21       EV: 14    Int: 23    God:
Gold:   496        SH:  0    Dex: 15    Spells: 15/22 levels left

rFire   . . .      SeeInvis .   e - +0 rapier
rCold   . . .      Faith    .   (no shield)
rNeg    . . .      Spirit   .   a - +2 robe {Will+}
rPois   .          Reflect  .   (no helmet)
rElec   .          Harm     .   (no cloak)
rCorr   .          Rampage  .   n - +0 pair of gloves
Will    ++...                   (no boots)
Stlth   ++........              (no amulet)
HPRegen 0.15/turn               j - ring of flight
MPRegen 0.17/turn               i - ring of willpower

@: attractive, flying
A: no striking features
a: no special abilities


You were on level 6 of the Dungeon.
You visited 1 branch of the dungeon, and saw 6 of its levels.

You collected 520 gold pieces.
You spent 24 gold pieces at shops.

Inventory:

Hand Weapons
 e - a +0 rapier (weapon)
Armour
 a - a +2 robe of willpower (worn)
 n - a +0 pair of gloves (worn)
Jewellery
 i - a ring of willpower (right hand)
 j - a ring of flight (left hand)
 m - a +6 ring of strength
Scrolls
 d - a scroll of holy word
 q - a scroll of immolation
 s - a scroll of amnesia
Potions
 b - a potion of magic
 c - 3 potions of curing
 f - a potion of might
 g - a potion of lignification
 h - 2 potions of mutation {unknown}
 k - 2 potions of flight {unknown}
 l - a potion of degeneration
 o - a potion of invisibility {unknown}
 p - a potion of attraction
 r - a potion of heal wounds {unknown}
 t - a potion of brilliance {unknown}
 u - a potion of haste {unknown}


   Skills:
 + Level 3.1 Fighting
 + Level 5.3 Dodging
 - Level 2.4 Stealth
 - Level 7.6 Spellcasting
 - Level 5.9 Conjurations
 - Level 6.7 Fire Magic


You had 15 spell levels left.
You knew the following spells:

 Your Spells              Type           Power      Damage    Failure   Level
a - Foxfire               Conj/Fire      100%       2x1d9     1%          1
b - Scorch                Fire           78%        2d9       1%          2
c - Flame Wave            Conj/Fire      37%        2d9       5%          4

Your spell library contained the following spells:

 Spells                   Type           Power      Damage    Failure   Level
 Conjure Flame            Conj/Fire      37%        6-21      1%          3
 Inner Flame              Hex/Fire       24%        N/A       5%          3
 Animate Skeleton         Necr           16%        N/A       8%          1
 Apportation              Tloc           16%        N/A       8%          1
 Pain                     Necr           32%        1d5       8%          1
 Gell's Gravitas          Tloc           8%         N/A       22%         3
 Lesser Beckoning         Tloc           8%         N/A       22%         3
 Teleport Other           Tloc           8%         N/A       22%         3
 Vampiric Draining        Necr           8%         2d6       22%         3
 Alistair's Intoxication  Tmut/Pois      5%         N/A       90%         5


Dungeon Overview and Level Annotations

Branches:
Dungeon (6/15)
 Temple: D:4-7

Altars:
Cheibriados
Trog

Shops:
D:1 *


Message History

You are very lightly contaminated with residual magic.
Nothing appears to happen.
The black bear barely misses you.
The black bear claws you but does no damage.
The black bear closely misses you.
A black bear comes into view.
Okay, then.
Okay, then.
The black bear closely misses you. The black bear barely misses you.
The black bear misses you. The black bear bites you. The black bear claws you.
The black bear closely misses you.
The black bear attacks as you move away!
The black bear bites you. The black bear barely misses you.
The black bear closely misses you. The black bear bites you!
The black bear claws you but does no damage.
The black bear completely misses you.
The black bear attacks as you move away!
The black bear misses you. The black bear barely misses you.
The black bear completely misses you. The black bear misses you.
The black bear claws you but does no damage. x2
Your magical contamination has completely faded away.
Okay, then.
Found a leather armour.
Found a stone staircase leading up.
The black bear closely misses you.
The black bear claws you but does no damage.
The black bear misses you.
The black bear attacks as you move away!
The black bear bites you!
* * * LOW HITPOINT WARNING * * *
The black bear claws you but does no damage.
The black bear claws you.
* * * LOW HITPOINT WARNING * * *
The black bear bites you.
* * * LOW HITPOINT WARNING * * *
The black bear barely misses you. x2
It was a potion of attraction.
You feel attractive to monsters. The black bear closely misses you.
The black bear claws you.
You die...

..##### #.[#.. .....###
..#.#######....#
<#.##.........###.
#..##........†.)..
#..##.......)..#..
#.#..##.......).##.#
#.#.............##..
#..@hl#.............
#....##.#####.......
#.#..##)# ##......
#.#..##)# #...#..
####.#..##.######...#..
##.................#.#
#..##..............#
##.####.............#
#>.# #............##


You could see a black bear (berserk) and an iguana.

Vanquished Creatures
  A sky beast (D:5)
  2 ice beasts
  2 ogres
  2 black bears
  A phantom (D:3)
  An elf zombie (D:4)
  A scorpion (D:5)
  5 killer bees (D:5)
  2 howler monkeys
  3 jellies
  The ghost of MirrMurr the Sneak, a weakling SpEn (D:4)
  4 hounds
  Terence (D:3)
  An orc wizard (D:6)
  8 adders
  A white imp (D:5)
  3 worms
  A dart slug (D:2)
  8 orcs
  3 ball pythons
  4 endoplasms
  6 giant cockroaches
  4 goblins
  6 hobgoblins
  16 jackals
  7 kobolds
  5 quokkas
  5 bats
  2 frilled lizards
  4 orc skeletons (D:4)
  An orc zombie (D:4)
  2 rats
113 creatures vanquished.

Vanquished Creatures (others)
  287 foxfires
287 creatures vanquished.

Grand Total: 400 creatures vanquished

Notes
Turn   | Place    | Note
-------+----------+-------------------------------------------
     0 | D:1      | Ijustatesigmund the Deep Elf Fire Elementalist began the
                  | quest for the Orb.
     0 | D:1      | Reached XP level 1. HP: 10/10 MP: 6/6
    74 | D:2      | Noticed a jelly
   318 | D:2      | Reached XP level 2. HP: 11/15 MP: 2/8
   482 | D:2      | Learned a level 2 spell: Scorch
   936 | D:1      | Found Besmecag's Assorted Antiques.
   941 | D:1      | Bought a ruby potion for 24 gold pieces
  1020 | D:1      | Reached XP level 3. HP: 15/19 MP: 7/10
  1812 | D:2      | Reached skill level 4 in Spellcasting
  1812 | D:2      | Reached XP level 4. HP: 24/24 MP: 7/12
  3492 | D:3      | Noticed a phantom
  3498 | D:3      | Killed a phantom
  3499 | D:3      | Reached skill level 5 in Spellcasting
  3499 | D:3      | Reached XP level 5. HP: 22/28 MP: 3/14
  3732 | D:3      | Noticed Terence
  3738 | D:3      | Killed Terence
  3940 | D:3      | Found a bloodstained altar of Trog.
  4068 | D:4      | Reached skill level 5 in Fire Magic
  4267 | D:4      | Noticed an ogre
  4272 | D:4      | Killed an ogre
  4273 | D:4      | Reached XP level 6. HP: 32/32 MP: 7/16
  4654 | D:4      | Noticed MirrMurr's ghost (weakling SpEn)
  4658 | D:4      | Found a runed translucent door.
  4794 | D:4      | Reached skill level 6 in Spellcasting
  5139 | D:4      | Killed MirrMurr's ghost
  5232 | D:5      | Entered Level 5 of the Dungeon
  5238 | D:5      | Noticed an ice beast
  5244 | D:5      | Killed an ice beast
  5245 | D:5      | Reached XP level 7. HP: 36/36 MP: 11/18
  5250 | D:5      | Learned a level 4 spell: Flame Wave
  5437 | D:5      | Reached skill level 5 in Conjurations
  5850 | D:5      | Reached skill level 7 in Spellcasting
  6207 | D:5      | Reached XP level 8. HP: 34/41 MP: 11/21
  6583 | D:6      | Reached skill level 1 in Fighting
  7240 | D:6      | Found a snail-covered altar of Cheibriados.
  7396 | D:6      | Reached skill level 5 in Dodging
  7411 | D:6      | Slain by a black bear

Illustrated notes

Levels and vault maps discovered:
D:1:      amcnicky_arrival_gap_in_the_tavern_cellar, layout_loops_ring,
          serial_shops, shop
D:2:      layout_loops_corners, grunt_ministairs_3, minmay_pentomino_q2
D:3:      layout_loops_cross, marbit_many_paths,
          hangedman_decor_clover_reticule, chequers_serial_rivers_small_a,
          minivault_25, uniq_terence
D:4:      layout_basic, nicolae_ossuary_entry_catacombs,
          hellmonk_ghost_happy_afterlife
D:5:      layout_basic
D:6:      layout_rooms, cheibriados_altar_1, mainiacjoe_overflow_alcove_3,
          hellmonk_bongcloud_opening

Skill      XL: |  1  2  3  4  5  6  7  8 |
---------------+-------------------------+-----
Conjurations   | 2 3 4 5 |  5.9
Spellcasting   | 4 5 6 7 |  7.6
Fire Magic     | 4 5 6 |  6.7
Fighting       | 3 |  3.1
Dodging        | 5 |  5.3
Stealth        | |  2.4

Action                   |  1- 3 |  4- 6 |  7- 9 || total
-------------------------+-------+-------+-------++-------
Melee: Unarmed           |     2 |       |       ||     2
       Short sword       |     3 |       |       ||     3
       Rapier            |       |     4 |       ||     4
 Cast: Foxfire           |    66 |    77 |    31 ||   174
       Scorch            |     3 |    30 |    16 ||    49
       Flame Wave        |       |       |     9 ||     9
  Use: Scroll            |     4 |     5 |     1 ||    10
       Potion            |       |       |     5 ||     5
 Stab: Sleeping          |       |     2 |       ||     2
Armor: Robe              |    10 |     9 |    23 ||    42
Dodge: Dodged            |    44 |     7 |    53 ||   104

Table legend: (Time is in decaauts)
 A = Elapsed time spent in this place.
 B = Non-inter-level travel time spent in this place.
 C = Inter-level travel time spent in this place.
 D = Time resting spent in this place.
 E = Time spent auto-exploring this place.
 F = Levels seen in this place.
 G = Mean time per level.
                   A        B        C        D        E       F      G
               +--------+--------+--------+--------+--------+-----+--------+
         Total |   7413 |   7237 |    176 |   2244 |   4003 |   6 | 1235.5 |
       Dungeon |   7413 |   7237 |    176 |   2244 |   4003 |   6 | 1235.5 |
               +--------+--------+--------+--------+--------+-----+--------+

Top non-repeatable levels by time:
     D:5: 1947 daAuts
     D:2: 1834 daAuts
     D:4: 1200 daAuts
     D:1: 1126 daAuts
     D:3: 1070 daAuts
     D:6: 234 daAuts
